 Dungeon Crawl Stone Soup version 0.31-a0-702-gf82c85558f (webtiles) character file.

Game seed: 9789683344595059623

103 subawu the Gusty (level 4, -2/34 HPs)
             Began as a Draconian Air Elementalist on Sept 8, 2023.
             Slain by an orc wizard
             ... wielding a +0 dagger
              (4 damage)
             ... on level 4 of the Dungeon.
             The game lasted 00:08:40 (3112 turns).

subawu the Gusty (Draconian Air Elementalist)       Turns: 3112, Time: 00:08:41

Health: -2/34      AC:  5    Str: 10    XL:     4   Next: 51%
Magic:  7/7        EV: 12    Int: 17    God:
Gold:   158        SH:  0    Dex: 12    Spells: 5/8 levels left

rFire   . . .        c - +0 dagger (vamp)
rCold   + . .        (no shield)
rNeg    . . .        (body armour unavailable)
rPois   .            (helmet restricted)
rElec   .            (no cloak)
rCorr   .            (no gloves)
SInv    .            (no boots)
Will    .....        (no amulet)
Stlth   +            (no ring)
HPRegen 0.25/turn    (no ring)
MPRegen 0.10/turn

%: no passive effects
@: confused
A: AC +5, unfitting armour, cold-blooded, cold resistance 1
a: no special abilities


You were on level 4 of the Dungeon.
You visited 1 branch of the dungeon, and saw 4 of its levels.

You collected 158 gold pieces.

Inventory:

Hand Weapons
 b - a +1 vampiric hand axe
 c - a +0 vampiric dagger (weapon)
 d - a +2 dagger of holy wrath
Wands
 m - a wand of quicksilver (9)
Scrolls
 f - a scroll of teleportation
 j - a scroll of noise {unknown}
 l - a scroll of blinking {unknown}
 n - a scroll of vulnerability {unknown}
Potions
 a - a potion of magic
 e - a potion of heal wounds
 g - 2 potions of degeneration {unknown}
 h - a potion of might
 i - a potion of invisibility {unknown}
 k - a potion of ambrosia


   Skills:
 + Level 0.7 Fighting
 + Level 1.2 Short Blades
 + Level 2.4 Dodging
 + Level 2.1 Stealth
 + Level 0.8 Unarmed Combat
 + Level 2.5 Spellcasting
 + Level 1.6 Conjurations
 + Level 3.5 Air Magic


You had 5 spell levels left.
You knew the following spells:

 Your Spells              Type           Power      Damage    Failure   Level
a - Shock                 Conj/Air       40%        1d5       6%          1
b - Static Discharge      Conj/Air       20%        2-3/arc   10%         2

Your spell library contained the following spells:

 Spells                   Type           Power      Damage    Failure   Level
 Swiftness                Air            14%        N/A       13%         3
 Airstrike                Air            7%         2d(1-17)  38%         4


Dungeon Overview and Level Annotations

Branches:
Dungeon (4/15)
 Temple: D:4-7

Altars:
Gozag
Hepliaklqana
Makhleb
Wu Jian
Xom
Zin


Innate Abilities, Weirdness & Mutations

Your plain brown scales are hard. (AC +5)
You cannot fit into any form of body armour.
You are cold-blooded and may be slowed by cold attacks.
Your flesh is cold resistant. (rC+)


Message History

You miss something. Something hits you but does no damage.
You hit something but do no damage.
Your tail-slap misses something.
Something barely misses you.
You hit something.
Your tail-slap misses something.
Something hits you.
You miss something.
Your tail-slap misses something.
Something hits you but does no damage.
You barely miss something. Something hits you.
You miss something. You tail-slap something. Your punch misses something.
Something hits you.
You hit something. Something hits you but does no damage.
You hit something but do no damage. Something completely misses you.
You hit something but do no damage. Something hits you.
You hit something but do no damage. Something hits you.
You hit something.
You hear some strange, mumbled words.
A magic dart appears from out of thin air!
The magic dart hits you.
You barely miss something.
You hear some strange, mumbled words.
A puff of flame appears from out of thin air!
The puff of flame hits you!
* * * LOW HITPOINT WARNING * * *
You hit something but do no damage. You closely miss something.
Something hits you.
* * * LOW HITPOINT WARNING * * *
You miss something.
Your tail-slap misses something.
You hear some strange, mumbled words.
You are confused.
You bump into the rock wall.
Something hits you.
* * * LOW HITPOINT WARNING * * *
You hit something but do no damage. Your punch misses something.
Something hits you.
* * * LOW HITPOINT WARNING * * *
You closely miss something.
You hear some strange, mumbled words.
A magic dart appears from out of thin air!
The magic dart hits you.
* * * LOW HITPOINT WARNING * * *
You completely miss something. Something hits you.
You die...

#<# ###
##.#####.##
##.........#
#...#####.##
#.)## #.#
.#.#####..#
#.#
......<...#
#.#
##.#####.##
#.# #.# #@#
#.# #{# #.#
#o# #.#


oo# #.. .K# ### ...# #... #.#. You could see 3 orcs and a kobold.

Vanquished Creatures
  2 adders (D:2)
  2 dart slugs
  6 orcs
  8 endoplasms
  3 giant cockroaches (D:1)
  8 goblins
  4 hobgoblins
  7 jackals
  6 quokkas
  4 ball pythons
  A bat (D:1)
  9 frilled lizards
  6 kobolds
  3 rats
69 creatures vanquished.

Notes
Turn   | Place    | Note
-------+----------+-------------------------------------------
     0 | D:1      | subawu the Draconian Air Elementalist began the quest for
                  | the Orb.
     0 | D:1      | Reached XP level 1. HP: 14/14 MP: 3/3
   117 | D:1      | Found a faded altar of an unknown god.
   134 | D:1      | Reached XP level 2. HP: 15/20 MP: 5/5
   429 | D:1      | You fall into a shaft and drop 1 floor!
   570 | D:1      | Reached XP level 3. HP: 8/26 MP: 0/6
  1083 | D:2      | Learned a level 2 spell: Static Discharge
  1293 | D:2      | Reached skill level 1 in Short Blades
  1354 | D:2      | Reached XP level 4. HP: 32/34 MP: 7/7
  2016 | D:2      | Gained mutation: Your flesh is cold resistant. (rC+)
                  | [potion of mutation]
  2207 | D:3      | Identified the +0 robe of Anarchy {-Tele rElec rPois rN+}
  2327 | D:3      | Found a hazy altar of Hepliaklqana.
  2329 | D:3      | Found an opulent altar of Gozag.
  2330 | D:3      | Found a glowing silver altar of Zin.
  2330 | D:3      | Found a burning altar of Makhleb.
  2331 | D:3      | Found a shimmering altar of Xom.
  2331 | D:3      | Found an ornate altar of the Wu Jian Council.
  3112 | D:4      | Slain by an orc wizard

Illustrated notes

Levels and vault maps discovered:
D:1:      zaba_arrival_water, layout_loops_cross, basic_ecumenical_altar
D:2:      layout_loops_ring, serial_rivers, chequers_serial_rivers_small_3,
          chequers_serial_rivers_large_a, chequers_serial_rivers_room_a,
          chequers_serial_rivers_micro_a, chequers_serial_rivers_marsh
D:3:      layout_loops_ring, grunt_temple_overflow_open,
          minmay_misc_feat_encased
D:4:      layout_loops_ring

Skill      XL: |  1  2  3 |
---------------+----------+-----
Dodging        | 2 |  2.4
Short Blades   | 1 |  1.2
Stealth        | 2 |  2.1
Fighting       | |  0.7
Unarmed Combat | |  0.8
Spellcasting   | |  2.5
Conjurations   | |  1.6
Air Magic      | |  3.5

Action                     |  1- 3 |  4- 6 || total
---------------------------+-------+-------++-------
  Melee: Unarmed           |    25 |       ||    25
         Tailslap          |    18 |     7 ||    25
         Punch             |     1 |     1 ||     2
         Dagger            |   112 |    90 ||   202
   Cast: Shock             |    39 |    10 ||    49
         Static Discharge  |       |     3 ||     3
    Use: Scroll            |       |     4 ||     4
         Potion            |       |     3 ||     3
   Stab: Sleeping          |     1 |     1 ||     2
 Armour: Skin              |    83 |    77 ||   160
  Dodge: Dodged            |   108 |    61 ||   169

Table legend: (Time is in decaauts)
 A = Elapsed time spent in this place.
 B = Non-inter-level travel time spent in this place.
 C = Inter-level travel time spent in this place.
 D = Time resting spent in this place.
 E = Time spent auto-exploring this place.
 F = Levels seen in this place.
 G = Mean time per level.
                   A        B        C        D        E       F      G
               +--------+--------+--------+--------+--------+-----+--------+
         Total |   3136 |   3124 |     12 |      0 |   2169 |   4 |  784.0 |
       Dungeon |   3136 |   3124 |     12 |      0 |   2169 |   4 |  784.0 |
               +--------+--------+--------+--------+--------+-----+--------+

Top non-repeatable levels by time:
     D:2: 1215 daAuts
     D:3: 943 daAuts
     D:1: 913 daAuts
     D:4: 64 daAuts
